 Dungeon Crawl Stone Soup version 0.27.1 (webtiles) character file.

Game seed: 17107879454279771977

337 nxtlvl the Poker (level 6, -4/46 HPs)
             Began as a Human Gladiator on Aug 23, 2021.
             Slain by Pikel (6 damage)
             ... on level 4 of the Dungeon.
             The game lasted 00:10:40 (1355 turns).

nxtlvl the Poker (Human Gladiator)                  Turns: 1355, Time: 00:10:41

Health: -4/46      AC: 10    Str: 21    XL:     6   Next: 85%
Magic:  6/6        EV:  7    Int: 16    God:
Gold:   172        SH:  3    Dex: 14    Spells: 5/5 levels left

rFire    . . .     SeeInvis .   a - +0 trident
rCold    . . .     Faith    +   m - +0 buckler
rNeg     . . .     Spirit   .   h - +0 chain mail
rPois    .         Reflect  .   c - +0 helmet
rElec    .         Harm     .   (no cloak)
rCorr    .         Rampage  .   (no gloves)
Will     .....                  g - +0 pair of boots
Stlth    ..........             z - amulet of faith
HPRegen  0.15/turn              t - +6 ring of strength
MPRegen  0.10/turn              x - +6 ring of intelligence

@: no status effects
A: no striking features
a: no special abilities


You were on level 4 of the Dungeon.
You visited 1 branch of the dungeon, and saw 4 of its levels.

You collected 172 gold pieces.

Inventory:

Hand Weapons
 a - a +0 trident (weapon)
 o - a +0 hunting sling
Missiles
 d - 2 throwing nets (quivered)
 i - 24 bolts
 w - 7 sling bullets
Armour
 c - a +0 helmet (worn)
 g - a +0 pair of boots (worn)
 h - a +0 chain mail (worn)
 m - a +0 buckler (worn)
Jewellery
 t - a +6 ring of strength (left hand)
 x - a +6 ring of intelligence (right hand)
 z - an amulet of faith (around neck)
Scrolls
 b - a scroll of acquirement {unknown}
 e - 2 scrolls of fear
 j - 2 scrolls of immolation {unknown}
 k - a scroll of noise {unknown}
 l - a scroll of magic mapping {unknown}
 n - a scroll of brand weapon {unknown}
 p - a scroll of teleportation {unknown}
 q - a scroll of enchant armour {unknown}
 s - a scroll of fog {unknown}
 v - a scroll of vulnerability {unknown}
 y - a scroll of amnesia {unknown}
Potions
 f - a potion of haste
 r - a potion of ambrosia
 u - a potion of flight


   Skills:
 + Level 2.4 Fighting
 * Level 7.0 Polearms
 - Level 2.0 Throwing
 - Level 3.0 Dodging


You had 5 spell levels left.
You didn't know any spells.
Your spell library contained the following spells:

 Spells                   Type           Power      Damage    Failure   Level
 Animate Skeleton         Necr           0%         N/A       99%         1
 Pain                     Necr           0%         1d4       99%         1
 Vampiric Draining        Necr           0%         2d6       100%        3


Dungeon Overview and Level Annotations

Branches:
Dungeon (4/15)
 Temple: D:4-7

Altars:
Elyvilon

Shops:
D:1 [

Annotations:
D:4 Pikel


Message History

The floor.
Unknown command.
Unknown command.
You puncture the lemure!
You kill the lemure!
That felt strangely unrewarding.
You hit the lemure.
The lemure is moderately wounded.
The lemure hits you!
You barely miss the lemure.
The lemure is moderately wounded.
The lemure barely misses you. The lemure hits you but does no damage.
You barely miss the lemure.
The lemure is moderately wounded.
You closely miss the lemure.
The lemure is moderately wounded.
The lemure closely misses you.
You closely miss Pikel. You closely miss Pikel. Pikel barely misses you.
You barely miss Pikel.
Pikel hits you with a +0 whip of flaming!
Pikel burns you.
You hit Pikel but do no damage.
Pikel hits you with a +0 whip of flaming.
Pikel burns you.
You miss Pikel.
Pikel hits you with a +0 whip of flaming!
Pikel burns you.
* * * LOW HITPOINT WARNING * * *
Pikel says, "You'll rot in Tartarus!"
Pikel hits you with a +0 whip of flaming!
* * * LOW HITPOINT WARNING * * *
Pikel burns you.
* * * LOW HITPOINT WARNING * * *
Unknown command.
Okay, then.
You hit Pikel but do no damage.
Pikel hits you with a +0 whip of flaming.
You die...

#....................#
#....##.#######.#..###
....###5# #..#
#...###5# #.......#
#..##.#.# ........#
..#####S#######.#
#55K@.....#
###########


You could see Pikel, 2 lemures and an adder.

Vanquished Creatures
  Grinder (D:4)
  A lemure (D:4)
  An orc priest (D:3)
  A jelly (D:3)
  Natasha (D:3)
  Robin (D:3)
  An adder (D:4)
  An ufetubus (D:3)
  6 orcs (D:3)
  4 ball pythons
  An endoplasm (D:4)
  A giant cockroach (D:1)
  9 goblins
  2 hobgoblins
  2 kobolds
  A quokka (D:2)
  2 bats
  3 frilled lizards
  A rat (D:3)
40 creatures vanquished.

Notes
Turn   | Place    | Note
-------+----------+-------------------------------------------
     0 | D:1      | nxtlvl the Human Gladiator began the quest for the Orb.
     0 | D:1      | Reached XP level 1. HP: 16/16 MP: 1/1
   167 | D:1      | Found Matt's Armour Shop.
   176 | D:1      | Reached XP level 2. HP: 21/22 MP: 2/2
   273 | D:2      | Found a white marble altar of Elyvilon.
   551 | D:4      | Reached skill level 4 in Polearms
   551 | D:4      | Reached XP level 3. HP: 16/27 MP: 3/3
   552 | D:4      | Noticed Robin
   597 | D:3      | Killed Robin
   673 | D:4      | Reached XP level 4. HP: 22/33 MP: 4/4
   698 | D:4      | Noticed Grinder
   719 | D:4      | Killed Grinder
   720 | D:4      | Reached skill level 6 in Polearms
   720 | D:4      | Reached XP level 5. HP: 31/38 MP: 5/5
   720 | D:4      | Reached XP level 6. HP: 36/44 MP: 6/6
   771 | D:3      | Noticed Natasha
   793 | D:3      | Killed Natasha
  1056 | D:3      | Reached skill level 7 in Polearms
  1321 | D:4      | Noticed Pikel
  1354 | D:4      | HP: 2/46 [Pikel (2)]
  1355 | D:4      | Slain by Pikel

Illustrated notes

Levels and vault maps discovered:
D:1:      mrwooster_arrival_statue, layout_basic, serial_shops, shop,
          nicolae_diamond_shop
D:2:      layout_basic, basic_altar, minivault_26
D:3:      layout_loops_ring, kennysheep_decorative_pillar, uniq_natasha
D:4:      layout_loops_ring, uniq_pikel, uniq_grinder, uniq_robin

Skill      XL: |  1  2  3  4  5  6 |
---------------+-------------------+-----
Polearms       | 4 6 7 |  7.0
Fighting       | |  2.4
Throwing       | |  2.0
Dodging        | |  3.0

Action                   |  1- 3 |  4- 6 || total
-------------------------+-------+-------++-------
Melee: Trident           |    84 |   105 ||   189
Throw: Throwing net      |       |     2 ||     2
  Use: Scroll            |       |     4 ||     4
       Potion            |       |     1 ||     1
 Stab: Held in net/web   |       |     1 ||     1
Armor: Leather armour    |     3 |       ||     3
       Chain mail        |    46 |    26 ||    72
Dodge: Dodged            |    25 |    27 ||    52
